 Dungeon Crawl Stone Soup version 0.26-b1-57-gb162d0664a (webtiles) character file.

Game seed: 8063891487647060357

5226 Majang the Cleaver (level 10, -3/92 HPs)
             Began as a Palentonga Fighter on Jan 8, 2021.
             Was a Priest of Qazlal.
             Slain by an orc knight
             ... wielding a +4 war axe
              (42 damage)
             ... in a bailey.
             The game lasted 00:35:51 (7073 turns).

Majang the Cleaver (Palentonga Fighter)             Turns: 7073, Time: 00:35:52

Health: -3/92      AC: 21    Str: 22    XL:     10   Next: 35%
Magic:  13/13      EV:  5    Int: 10    God:    Qazlal [***...]
Gold:   503        SH: 14    Dex: 12    Spells: 9/9 levels left

rFire    . . .     SeeInvis +   a - +1 war axe
rCold    . . .     Faith    .   c - +0 kite shield
rNeg     . . .     Spirit   .   h - +0 plate armour
rPois    .         Reflect  .   (no helmet)
rElec    .         Harm     .   J - +0 cloak (curse)
rCorr    .         Rampage  .   B - +2 pair of gloves {Dex+3}
Will     ++...                  (no barding)
Stlth    ..........             w - amulet of regeneration
HPRegen  0.65/turn              q - ring of willpower
MPRegen  0.13/turn              r - ring of willpower

@: mighty, curled up
A: large, rugged brown scales 3, see invisible, deformed body, roll 1, armoured
tail, reflexive curl
a: Rolling Charge, Renounce Religion, Upheaval, Elemental Force


You were in a bailey.
You worshipped Qazlal.
Qazlal was most pleased with you.
You visited 2 branches of the dungeon, and saw 11 of its levels.
You also visited: Ossuary and Bailey.

You collected 713 gold pieces.
You spent 210 gold pieces at shops.

Inventory:

Hand Weapons
 a - a +1 war axe (weapon)
 A - a +0 flail of holy wrath
 F - a +5 whip
 G - a +3 flail
Missiles
 o - 6 javelins
Armour
 b - a +0 scale mail
 c - a +0 kite shield (worn)
 h - a +0 plate armour (worn)
 B - a +2 pair of gloves of dexterity (worn)
 J - a cursed +0 cloak (worn)
Jewellery
 q - a ring of willpower (left hand)
 r - a ring of willpower (right hand)
 s - an uncursed ring of resist corrosion {unknown}
 w - an amulet of regeneration (around neck)
Wands
 p - a wand of paralysis (4)
 H - a wand of flame (18)
Scrolls
 g - 10 scrolls of identify
 l - 4 scrolls of amnesia {unknown}
 m - a scroll of noise {unknown}
 n - 6 scrolls of teleportation
 t - 3 scrolls of remove curse
 y - 2 scrolls of enchant armour
 z - 2 scrolls of immolation
 E - a scroll of fog {unknown}
Potions
 d - 3 potions of might
 e - 4 potions of flight {unknown}
 f - 5 potions of attraction {unknown}
 i - 3 potions of heal wounds
 j - a potion of haste {unknown}
 k - a potion of resistance {unknown}
 u - a potion of berserk rage {unknown}
 v - 9 potions of curing
 x - a potion of lignification {unknown}
 C - a potion of degeneration {unknown}
 D - a potion of magic {unknown}
 I - a potion of mutation {unknown}


   Skills:
 + Level 7.2 Fighting
 * Level 9.4 Axes
 + Level 5.2 Armour
 + Level 4.3 Dodging
 + Level 5.2 Shields
 + Level 4.5 Invocations


You had 9 spell levels left.
You didn't know any spells.
Your spell library contained the following spells:

 Spells                   Type           Power        Failure   Level
 Shock                    Conj/Air       0%           100%        1
 Swiftness                Air            0%           100%        2
 Static Discharge         Conj/Air       0%           100%        3
 Airstrike                Air            0%           100%        4
 Lightning Bolt           Conj/Air       0%           100%        5


Dungeon Overview and Level Annotations

Branches:
Dungeon (11/15)            Temple (1/1) D:6         Ossuary (visited)
 Bailey (1/1)
   Lair: D:8-11         Orc: D:9-12

Altars:
Cheibriados
Dithmenos
Elyvilon
Fedhas
Gozag
Hepliaklqana
Nemelex Xobeh
Okawaru
Qazlal
Ru
Sif Muna
Vehumet
Wu Jian
Xom
Yredelemnul
Zin
The Shining One

Shops:
D:4 ?   D:7 =


Innate Abilities, Weirdness & Mutations

You are completely covered in rugged brown scales. (AC +3, +7% HP)
You have supernaturally acute eyesight. (SInv)
Armour fits poorly on your strangely shaped body.
You can roll at nearby foes to attack.
You have a long armoured tail.
You curl defensively after being hit.


Message History

The orc knight goes into a battle-frenzy!
The orc knight hits you with a +4 war axe!!
* * * LOW HITPOINT WARNING * * *
It was a potion of heal wounds.
You feel much better. The hobgoblin barely misses you.
The orc knight is engulfed in freezing vapours.
The orc knight hits you with a +0 war axe!!
* * * LOW HITPOINT WARNING * * *
You hear a shout!
You feel much better.
The orc knight hits you with a +4 war axe!
* * * LOW HITPOINT WARNING * * *
A goblin comes into view. It is wielding a +0 war axe.
The hobgoblin hits you with a +0 war axe.
* * * LOW HITPOINT WARNING * * *
The orc knight is engulfed in freezing vapours.
You block the orc knight's attack.
You feel much better.
The orc knight hits you with a +4 war axe!!!
You die...

≈≈≈≈≈≈≈≈≈≈...≈≈≈≈≈≈≈≈≈≈
≈≈≈≈≈≈≈≈≈≈...≈≈≈≈≈≈≈≈≈≈
≈≈≈≈≈≈≈≈≈≈...≈≈≈≈≈≈≈≈≈≈
######≈≈≈≈.)))≈≈≈######
#...........#
#####'''#####
#..'.....'..#
#..'.gog.'..#
#..#.)@.g#..#### ...
#..o☼.#.....# .
#.....#...8.#
#######.....#
#########.8.#
.....oo.g...#
.....§)gg.8.#
..._.§..g...+
.........#g##


You could see 2 orc knights, a gnoll, a hobgoblin and a goblin.

Vanquished Creatures
  An orc high priest (Bailey)
  An ugly thing (D:10)
  Prince Ribbit (D:8)
  A hornet (D:10)
  Sigmund (D:5)
  A water moccasin (D:7)
  4 orc warriors
  4 ice beasts
  A necrophage (D:8)
  A centaur (D:7)
  A phantom (D:5)
  4 ogres
  Blork the orc (D:6)
  3 bullfrogs
  A scorpion (D:6)
  4 electric eels (Bailey)
  5 wights
  A howler monkey (D:6)
  A centaur zombie (D:6)
  Crazy Yiuf (D:4)
  4 hounds
  3 jellies
  7 orc wizards
  A quasit (D:7)
  2 orc priests
  2 bullfrog skeletons
  A centaur skeleton (D:6)
  2 iguanas
  11 worker ants
  A killer bee zombie (D:7)
  A big kobold zombie (Ossuary)
  8 mummies (Ossuary)
  7 gnolls (D:6)
  12 adders
  2 shadow imps
  3 white imps
  An ufetubus (D:4)
  3 oozes
  An adder zombie (D:7)
  A worm zombie (D:6)
  An adder skeleton (D:4)
  4 worms
  4 dart slugs
  7 leopard geckos
  24 orcs
  8 bats
  7 giant cockroaches
  2 gnoll zombies (Ossuary)
  17 goblins
  16 hobgoblins
  4 jackals
  11 kobolds
  5 quokkas
  7 frilled lizards
  A goblin zombie (D:6)
  A hobgoblin zombie (Ossuary)
  3 kobold zombies (Ossuary)
  An orc zombie (Ossuary)
  A quokka zombie (D:6)
  11 rats
246 creatures vanquished.

Vanquished Creatures (others)
  An orc (D:6)
  A kobold (D:1)
  9 plants (D:8)
11 creatures vanquished.

Grand Total: 257 creatures vanquished

Notes
Turn   | Place    | Note
-------+----------+-------------------------------------------
     0 | D:1      | Majang the Palentonga Fighter began the quest for the Orb.
     0 | D:1      | Reached XP level 1. HP: 20/20 MP: 1/1
     3 | D:1      | Noticed an electric eel
     3 | D:1      | Noticed an electric eel
    62 | D:1      | Reached XP level 2. HP: 24/27 MP: 2/2
   349 | D:1      | Reached skill level 3 in Axes
   511 | D:1      | Reached XP level 3. HP: 29/33 MP: 3/3
   883 | D:2      | Found a shimmering altar of Xom.
   885 | D:2      | Found a shadowy altar of Dithmenos.
  1101 | D:2      | Reached XP level 4. HP: 42/42 MP: 4/4
  1201 | D:2      | Reached skill level 4 in Axes
  1206 | D:2      | Found a blossoming altar of Fedhas.
  1662 | D:2      | Found a shimmering blue altar of Sif Muna.
  2112 | D:3      | Reached XP level 5. HP: 49/49 MP: 5/5
  2435 | D:3      | Reached skill level 5 in Axes
  2978 | D:4      | Found a shadowy altar of Dithmenos.
  3040 | D:4      | Reached XP level 6. HP: 56/56 MP: 6/6
  3281 | D:4      | Found a snail-covered altar of Cheibriados.
  3301 | D:4      | Reached skill level 1 in Dodging
  3371 | D:4      | Gained mutation: You curl defensively after being hit.
                  | [Palentonga growth]
  3371 | D:4      | Reached XP level 7. HP: 62/64 MP: 7/7
  3427 | D:4      | Found Moicsa's Magic Scroll Shop.
  3433 | D:4      | Bought a scroll of magic mapping for 42 gold pieces
  3433 | D:4      | Bought a scroll of remove curse for 36 gold pieces
  3433 | D:4      | Bought a scroll of enchant armour for 90 gold pieces
  3433 | D:4      | Bought a scroll of immolation for 42 gold pieces
  3579 | D:4      | Found a runed translucent door.
  3580 | D:4      | Noticed Crazy Yiuf
  3597 | D:4      | Killed Crazy Yiuf
  3726 | D:5      | Entered Level 5 of the Dungeon
  3730 | D:5      | Noticed Sigmund
  3743 | D:5      | Killed Sigmund
  3744 | D:5      | Reached skill level 5 in Fighting
  3744 | D:5      | Reached skill level 6 in Axes
  3914 | D:5      | Reached XP level 8. HP: 58/72 MP: 8/8
  4262 | D:6      | Found a sand-covered staircase.
  4276 | D:6      | Reached skill level 7 in Axes
  4288 | D:6      | Found a staircase to the Ecumenical Temple.
  4297 | Temple   | Entered the Ecumenical Temple
  4389 | Temple   | Became a worshipper of Qazlal Stormbringer
  4424 | Ossuary  | Entered an ossuary
  4650 | D:6      | Reached skill level 1 in Invocations
  4665 | D:6      | Reached * piety under Qazlal
  4978 | D:6      | Reached XP level 9. HP: 69/80 MP: 10/10
  5058 | D:6      | Noticed Blork the orc
  5062 | D:6      | Killed Blork the orc
  5195 | D:6      | Got a pair of heavily runed boots
  5473 | D:7      | Reached skill level 8 in Axes
  5556 | D:7      | Reached ** piety under Qazlal
  5632 | D:7      | Found Duonli's Jewellery Emporium.
  6261 | D:8      | Noticed Prince Ribbit
  6269 | D:8      | Killed Prince Ribbit
  6354 | D:8      | Found an opulent altar of Gozag.
  6400 | D:8      | Noticed a komodo dragon
  6436 | D:8      | You fall into a shaft and drop 3 floors!
  6540 | D:10     | Entered Level 10 of the Dungeon
  6570 | D:10     | Noticed a red ugly thing
  6588 | D:10     | Killed a red ugly thing
  6589 | D:10     | Reached skill level 9 in Axes
  6589 | D:10     | Reached XP level 10. HP: 20/89 MP: 12/12
  6711 | D:10     | Reached skill level 5 in Shields
  6714 | D:10     | Reached skill level 5 in Armour
  6842 | D:10     | Found a flagged portal.
  6860 | Bailey   | Entered a bailey
  6933 | Bailey   | Found an iron altar of Okawaru.
  6933 | Bailey   | Noticed an orc high priest
  6933 | Bailey   | Noticed an orc sorcerer
  6944 | Bailey   | Reached *** piety under Qazlal
  6946 | Bailey   | Noticed a sixfirhy
  6946 | Bailey   | Killed an orc high priest
  7066 | Bailey   | Noticed an orc knight
  7066 | Bailey   | Noticed an orc knight
  7071 | Bailey   | HP: 4/92 [orc knight/+0 war axe (35)]
  7073 | Bailey   | Slain by an orc knight

Illustrated notes

Levels and vault maps discovered:
D:1:      arrival_aquarium_b, layout_rooms
D:2:      minmay_wonky_spiral, layout_basic, nicolae_overflow_hidden_temple,
          fedhas_ov_isle_minmay
D:3:      minmay_bubble_buster, layout_basic, kennysheep_doodads,
          chequers_avenue
D:4:      layout_rooms, nicolae_overflow_crystal_walls, serial_shops, shop,
          grunt_dithmenos_shadows, uniq_crazy_yiuf_cottage
D:5:      layout_cave_pools, st_stairs_11, uniq_sigmund
D:6:      layout_rooms, minmay_temple_entry_mist, enter_ossuary_3,
          serial_corexii_hall, chequers_hall_statues_wall_a,
          corexii_hall_statues_s, uniq_blork_the_orc
D:7:      layout_cave_pods, serial_shops, shop_fountains,
          kennysheep_generic_room_6
D:8:      minmay_opposing_rooms, layout_loops_ring, david_lair_shrubbed,
          grunt_gozag_statues, uniq_prince_ribbit1, uniq_gastronok
D:10:     layout_rooms, enter_bailey_3
D:11:     layout_roguey, portal_ice_cave_demonic_guard
Temple:   regret_index_temple_sphere_string
Bailey:   bailey_axe_of_yendor_kennysheep, bailey

Skill      XL: |  1  2  3  4  5  6  7  8  9 10 |
---------------+-------------------------------+-----
Axes           | 3 4 5 6 7 9 |  9.4
Fighting       | 4 5 6 7 |  7.2
Dodging        | 1 2 3 4 |  4.3
Armour         | 3 4 5 |  5.2
Shields        | 3 4 5 |  5.2
Invocations    | 2 3 4 |  4.5

Action                   |  1- 3 |  4- 6 |  7- 9 | 10-12 || total
-------------------------+-------+-------+-------+-------++-------
Melee: War axe           |   135 |   147 |   333 |    48 ||   663
       Tailslap          |    13 |    14 |    41 |     7 ||    75
 Abil: Rolling Charge    |    35 |    35 |    66 |     7 ||   143
Evoke: Wand              |       |       |       |     5 ||     5
  Use: Scroll            |       |     3 |     3 |     3 ||     9
       Potion            |       |       |     2 |     4 ||     6
Armor: Scale mail        |    85 |    96 |    74 |       ||   255
       Plate armour      |       |       |    64 |    16 ||    80
Dodge: Dodged            |    47 |    42 |    60 |     8 ||   157
Block: Kite shield       |    62 |    72 |   173 |    41 ||   348
